woodfighter, neutral female human Tourist --------- ------ |.......| |.....####### |.......-## .....| # ---------- |..>....|# |...(| ###--------- |........| -----.-.-# |.....##### #........| #.........| ### # |....| |.......-# ###|....@i..| ## # --.--- |.......|##%####......I..| ### # ## |.......|# % --------.- ### # # ---------# # ##### # # # -------.--|-----### # |..............| # # |...*....))....| ### -----.--- |..............| # --.......-- |..............| ###|.......... ---------------- #..........| |.........| |.......... ----------- woodfighter the Excursionist Experience level: 6 Strength: 10 Dexterity: 13 Constitution: 15 Intelligence: 13 Wisdom: 9 Charisma: 15 Health: 0(53) Energy: 26(26) Def: 2 Gold: 1636 Moves: 3101 Dungeon seed: xp5QXWMdrLNNXvtH Game ID: woodfighter_1529180433 Your Inventory: Coins $ - 1636 gold pieces Weapons a - 44 +2 darts (in quiver) S - 7 +0 darts Armor e - an uncursed +0 Hawaiian shirt (being worn) q - an uncursed +0 leather armor (being worn) z - an uncursed +1 dwarvish cloak N - a blessed +1 orcish helm Y - an uncursed +0 pair of high boots Comestibles b - 3 uncursed magic beans g - 2 uncursed bananas E - 2 uncursed eucalyptus leaves H - an uncursed tin of floating eye meat K - an uncursed food ration Q - 2 uncursed carrots W - 2 uncursed tripe rations Scrolls c - an uncursed scroll of identify i - an uncursed scroll of magic mapping w - a blessed scroll of stinking cloud D - a cursed scroll of confuse monster P - a blessed scroll of create monster R - an uncursed scroll of scare monster T - a cursed scroll of light V - an uncursed scroll of teleportation Z - 3 uncursed scrolls of blank paper Spellbooks u - an uncursed spellbook of knock G - an uncursed spellbook of slow monster Potions h - an uncursed potion of restore ability o - a cursed potion of healing t - an uncursed potion of oil v - a cursed potion of fruit juice I - an uncursed potion of polymorph L - an uncursed potion of extra healing Rings A - an uncursed ring of conflict F - an uncursed +1 ring of gain constitution O - a cursed -1 ring of increase accuracy Wands d - a wand of light (0:13) m - a wand of secret door detection (0:14) Tools k - an expensive camera (0:94) n - an uncursed leash y - an uncursed credit card J - an uncursed oil lamp (0:1066) Gems r - an uncursed flint Spells and supernatural/magical abilities: Name Level Category Fail Memory W - pray for help -- divine ? -- Your skills at the end: Miscellaneous Skills wands [Basic] Weapon Skills dart [Skilled] Spellcasting Skills Final Attributes: You were devoutly aligned. You were telepathic. You are dead. Vanquished creatures: a giant beetle a leprechaun a dust vortex 3 human zombies a fog cloud a paper golem 3 giant ants a dwarf 2 iguanas a monkey 2 orc zombies a hobbit 2 large kobolds 3 geckos a hobgoblin 3 giant rats 3 cave spiders 2 brown molds 6 garter snakes 7 jackals 3 foxes 3 newts 2 goblins 2 sewer rats 9 grid bugs 6 lichens 70 creatures vanquished. Voluntary challenges: You did not adorn yourself with jewelry or accessories. You did not cause conflict. You were not invisible. You did not have reflection. You were not displaced. You never hit with a wielded weapon. You did not apply a unicorn horn. You did not use plumbed fixtures. You did not drink any magical draughts. You were illiterate. You never genocided any monsters. You never polymorphed an object. You never changed form. You used no wishes. You never split a pudding. You never wrote Elbereth's name. You never violated your personal moral code. Dungeon overview: The Dungeons of Doom: levels 1 to 10 Level 1 some altars to Offler a long staircase Level 2 an armor shop, a fountain Level 3 Level 4 a fountain stairs to The Gnomish Mines Level 5 a general store Level 6 a sink Level 7 <- You were here Level 8 Level 9 Level 10 The Gnomish Mines: Level 5 stairs to The Dungeons of Doom History has recorded: On T:1 you entered the Dungeons of Doom to retrieve the Amulet of Yendor! On T:85 you reached level 2 of The Dungeons of Doom. On T:531 you reached level 3 of The Dungeons of Doom. On T:619 you advanced to experience level 2. On T:1232 you advanced to experience level 3. On T:1287 you reached level 4 of The Dungeons of Doom. On T:1585 you reached level 1 of The Gnomish Mines. On T:1680 you reached level 5 of The Dungeons of Doom. On T:1727 you advanced to experience level 4. On T:1873 you reached level 6 of The Dungeons of Doom. On T:2209 you prayed to The Lady. On T:2451 you reached level 7 of The Dungeons of Doom. On T:2544 you advanced to experience level 5. On T:2649 you reached level 9 of The Dungeons of Doom. On T:2696 you reached level 10 of The Dungeons of Doom. On T:2723 you reached level 8 of The Dungeons of Doom. On T:3069 you advanced to experience level 6. Score breakdown: Gold: 1284 ( 128 points) Experience: 6 levels ( 500 points) Exploration: 10 levels ( 270 points) Discoveries: 23 items ( 1150 points) Variety of kills: 26 monsters ( 1300 points) Major goal: (nothing yet) ( 0 points) Survival: died (score multiplied by 3) Total score: 10044 Latest messages: You see here a large kobold corpse. (2x) You have a little trouble lifting a - 3 +2 darts (in quiver). The giant beetle bites! You throw 2 darts. The 1st dart hits the giant beetle! The 2nd dart hits the giant beetle! The giant beetle bites! You throw 2 darts. The 1st dart hits the giant beetle! The 2nd dart hits the giant beetle! You kill the giant beetle! You have a little trouble lifting a - 4 +2 darts (in quiver). You see here a giant beetle corpse. You have a little trouble lifting a - 4 +2 darts (in quiver). You see here a giant beetle corpse. You have a little trouble lifting $ - 45 gold pieces. Wait! There's something there you can't see! Something claws you! (2x) Something bites! The quasit claws you! (2x) The quasit bites! Something claws you! You die... Final status: Aloha woodfighter the Tourist, killed by an invisible quasit... You died in The Dungeons of Doom on dungeon level 7 with 10044 points, and 1636 pieces of gold, after 3101 moves. You were level 6 with a maximum of 53 hit points when you died.